Zazza, neutral female human Tourist ---------- |........| -----.- |.........# |...... |........|# |....^| ---.------# |...... ##### ### -----.- ### # `### # # # # ### # ######## ###% # #-----# ####### # #|..f-# ---.----.----- # #|..@| |............| ###|...| |............-#########|.f.| |............| ----- |....<.......| -------------- Zazza the Rambler Experience level: 1 Strength: 15 Dexterity: 8 Constitution: 14 Intelligence: 13 Wisdom: 8 Charisma: 18 Health: 0(15) Energy: 2(2) Def: 3 Gold: 1141 Moves: 1837 Dungeon seed: YCl3CwVwsx_CValp Game ID: Zazza_1619014727 Your Inventory: Coins $ - 1141 gold pieces Amulets o - an uncursed amulet versus poison (being worn) Weapons a - 36 blessed +2 darts (in quiver) s - a rusty +0 orcish dagger T - a +2 orcish dagger (weapon in hand) Armor e - an uncursed +0 Hawaiian shirt n - an uncursed +0 orcish helm q - an uncursed +1 pair of water walking boots (being worn) z - an uncursed +0 orcish helm (being worn) Comestibles b - 4 uncursed fortune cookies c - 5 uncursed tripe rations f - 3 uncursed food rations t - an uncursed egg A - an uncursed apple B - 2 uncursed tripe rations C - 11 uncursed food rations E - an uncursed fortune cookie F - an uncursed candy bar I - an uncursed lembas wafer L - 3 uncursed food rations Scrolls i - 2 uncursed scrolls of magic mapping u - a blessed scroll of identify w - an uncursed scroll of food detection K - an uncursed scroll of gold detection U - an uncursed scroll of teleportation Spellbooks G - an uncursed spellbook of restore ability Potions h - 2 uncursed potions of extra healing p - a cursed potion of extra healing D - an uncursed potion of booze H - a potion of unholy water M - a cursed potion of speed O - an uncursed potion of gain energy R - an uncursed potion of paralysis Rings x - an uncursed ring of poison resistance Tools k - an expensive camera (0:80) l - an uncursed credit card Gems y - an uncursed worthless piece of black glass Spells and supernatural/magical abilities: Name Level Category Fail Memory W - pray for help -- divine ? -- Your skills at the end: Fighting Skills Weapon Skills dart [Basic] Spellcasting Skills Final Attributes: You were stridently aligned. You were poison resistant. You could walk on water. You are dead. Vanquished creatures: a large kobold 8 jackals a kobold 4 goblins a sewer rat 2 grid bugs 2 lichens a kobold zombie 4 newts 24 creatures vanquished. Voluntary challenges: You used a wielded weapon 2 times, starting on turn 896. You read items or engraved 11 times, starting on turn 841. You never genocided any monsters. You never polymorphed an object. You never changed form. You used no wishes. You never split a pudding. You wrote Elbereth's name 6 times, starting on turn 1295. You never violated your personal moral code. Dungeon overview: The Dungeons of Doom: levels 1 to 5 Level 1 a long staircase Level 2 Level 3 a delicatessen a long staircase Level 4 a general store, a fountain Level 5 <- You were here History has recorded: On T:1 you entered the Dungeons of Doom to retrieve the Amulet of Yendor! On T:351 you reached level 2 of The Dungeons of Doom. On T:802 you reached level 3 of The Dungeons of Doom. On T:1164 you reached level 4 of The Dungeons of Doom. On T:1668 you reached level 5 of The Dungeons of Doom. Score breakdown: Gold: 636 ( 9538 points) Experience: 1 level ( 0 points) Exploration: 5 levels ( 9.43%) ( 8320 points) Discoveries: 1 item ( 0.34%) ( 1737 points) Valuables value: (no points given unless you survive) Artifact value: 0 ( 0 points) Variety of kills: 9 monsters ( 2.36%) ( 4610 points) Turncount: 1837 turns ( 0 points) Survival: died (score multiplied by 80%) Total score: 19364 Latest messages: You displace Armand. You have a little trouble lifting $ - 43 gold pieces. You displace Armand. The door opens. You displace Armand. You hear some noises. The goblin is killed! Armand eats a goblin corpse. You stop. Armand is in the way! There are a few objects here. You have a little trouble lifting T - a crude dagger. You have a little trouble lifting n - an orcish helm. You are now wielding your crude dagger. You hear some noises. You hear some noises in the distance. You hear some noises. You hear some noises in the distance. The door opens. You have a little trouble lifting U - a scroll labeled TEMOV. You displace Armand. The kitten bites! (3x) You die... Final status: Aloha Zazza the Tourist, killed by a kitten... You died in The Dungeons of Doom on dungeon level 5 with 19364 points, and 1141 pieces of gold, after 1837 moves. You were level 1 with a maximum of 15 hit points when you died.